 Dungeon Crawl Stone Soup version 0.26-a0-1129-gc5df7fbe6a (webtiles) character file.

Game seed: 11447360695303692357

142 CasualChangeling the Skirmisher (level 5, -1/48 HPs)
             Began as a Palentonga Wanderer on Dec 19, 2020.
             Slain by a gnoll
             ... wielding a +2 flail of protection
              (10 damage)
             ... on level 4 of the Dungeon.
             The game lasted 00:04:44 (3055 turns).

CasualChangeling the Skirmisher (PaWn)              Turns: 3055, Time: 00:04:44

Health: -1/48      AC:  6    Str: 23    XL:     5   Next: 4%
Magic:  5/5        EV:  8    Int: 20    God:
Gold:   149        SH:  0    Dex:  7    Spells: 4/4 levels left

rFire    . . .     SeeInvis +   b - +1 short sword (elec)
rCold    . . .     Faith    .   (no shield)
rNeg     . . .     Spirit   .   r - +0 scale mail
rPois    .         Reflect  .   (no helmet)
rElec    .         Harm     .   s - scarf {repulsion}
rCorr    .         Rampage  .   (no gloves)
Will     .....                  (no barding)
Stlth    ..........             (no amulet)
HPRegen  0.16/turn              f - +6 ring of intelligence
MPRegen  0.09/turn              e - +6 ring of strength

@: lethally poisoned (-1 -> -14), repel missiles
A: large, rugged brown scales 3, see invisible, deformed body, roll 1, armoured
tail
a: Rolling Charge


You were on level 4 of the Dungeon.
You visited 1 branch of the dungeon, and saw 4 of its levels.

You collected 149 gold pieces.

Inventory:

Hand Weapons
 a - a +0 dagger of venom
 b - a +1 short sword of electrocution (weapon)
Armour
 r - a +0 scale mail (worn)
 s - a scarf of repulsion (worn)
Jewellery
 e - a +6 ring of strength (right hand)
 f - a +6 ring of intelligence (left hand)
Wands
 p - a wand of random effects (13)
Scrolls
 c - 2 scrolls of teleportation
 h - 2 scrolls of remove curse {unknown}
 m - 3 scrolls of random uselessness {unknown}
 n - 3 scrolls of identify {unknown}
 o - a scroll of enchant armour {unknown}
 u - a scroll of amnesia {unknown}
Potions
 d - 2 potions of might {unknown}
 g - a potion of brilliance {unknown}
 i - a potion of curing {unknown}
 j - a potion of heal wounds {unknown}
 k - a potion of lignification
 l - a potion of attraction {unknown}
 q - a potion of haste
 t - a potion of resistance {unknown}


   Skills:
 + Level 3.1 Fighting
 - Level 3.0 Short Blades
 - Level 1.0 Bows
 + Level 2.5 Armour
 + Level 1.6 Dodging
 - Level 1.0 Shields
 + Level 2.2 Evocations


You had 4 spell levels left.
You didn't know any spells.
Your spell library was empty.

Dungeon Overview and Level Annotations

Branches:
Dungeon (4/15)
 Temple: D:4-7

Altars:
Cheibriados
Dithmenos
Kikubaaqudgha
Vehumet


Innate Abilities, Weirdness & Mutations

You are completely covered in rugged brown scales. (AC +3, +7% HP)
You have supernaturally acute eyesight. (SInv)
Armour fits poorly on your strangely shaped body.
You can roll at nearby foes to attack.
You have a long armoured tail.


Message History

You are more poisoned.
The worker ant poisons you! The frilled lizard barely misses you.
The leopard gecko barely misses you. The gnoll barely misses you.
You struggle against the net.
You feel sick. The adder bites you. The gnoll barely misses you.
The leopard gecko bites you. The worker ant completely misses you.
The gnoll hits you with a +0 whip. The frilled lizard bites you.
The gnoll hits you with a +2 flail of protection.
* * * LOW HITPOINT WARNING * * *
The adder barely misses you.
You shred the net and break free!
* * * LOW HITPOINT WARNING * * *
You feel sick.
The leopard gecko bites you but does no damage.
The worker ant bites you.
* * * LOW HITPOINT WARNING * * *
The gnoll closely misses you. The gnoll hits you but does no damage.
The frilled lizard closely misses you.
The gnoll hits you with a +2 flail of protection!
You die...

#. #. #.
#.######
######......#
!...........#
......lg....#
.....gS@l...#
......g.B...#
.#+#..gS....#
+........#
#....<...#
#.####..(..
.. ...#.. ...
......


You could see a worker ant, 4 gnolls, 2 adders, a leopard gecko and a frilled
lizard.

Vanquished Creatures
  Terence (D:2)
  2 adders
  A white imp (D:3)
  An adder zombie (D:2)
  3 worms
  2 dart slugs
  4 leopard geckos
  An orc (D:3)
  8 bats
  2 giant cockroaches
  5 goblins
  6 hobgoblins
  8 jackals
  13 kobolds
  2 quokkas (D:2)
  2 ball pythons
  2 frilled lizards (D:2)
  A quokka skeleton (D:2)
  6 rats
70 creatures vanquished.

Notes
Turn   | Place    | Note
-------+----------+-------------------------------------------
     0 | D:1      | CasualChangeling the Palentonga Wanderer began the quest
                  | for the Orb.
     0 | D:1      | CasualChangeling set off with the following items: a +2
                  | short sword, a potion of lignification, a scroll of
                  | teleportation, a +0 robe
     0 | D:1      | Reached XP level 1. HP: 18/18 MP: 1/1
   526 | D:1      | Reached XP level 2. HP: 24/25 MP: 2/2
  1318 | D:2      | Reached XP level 3. HP: 32/32 MP: 3/3
  1323 | D:2      | Reached skill level 1 in Dodging
  1385 | D:2      | Noticed Terence
  1410 | D:2      | Killed Terence
  1732 | D:2      | Found a shadowy altar of Dithmenos.
  1807 | D:2      | Reached XP level 4. HP: 39/39 MP: 4/4
  2080 | D:2      | Found a snail-covered altar of Cheibriados.
  2080 | D:2      | Noticed an orc warrior
  2081 | D:2      | Found an ancient bone altar of Kikubaaqudgha.
  2082 | D:2      | Found a radiant altar of Vehumet.
  2278 | D:2      | Found a transporter.
  2284 | D:2      | Found a transporter.
  3050 | D:3      | Reached XP level 5. HP: 47/48 MP: 5/5
  3055 | D:4      | Slain by a gnoll

Illustrated notes

Levels and vault maps discovered:
D:1:      lightli_arrival_statue_moat, layout_basic, minivault_19
D:2:      layout_loops_ring, lemuel_doored_altar,
          gammafunk_temple_overflow_arena, uniq_terence
D:3:      layout_rooms
D:4:      layout_basic, kennysheep_mini, kennysheep_doodads, uniq_sigmund

Skill      XL: |  1  2  3  4 |
---------------+-------------+-----
Armour         | 2 |  2.5
Dodging        | 1 |  1.6
Evocations     | 2 |  2.2
Fighting       | 3 |  3.1
Short Blades   | |  3.0
Bows           | |  1.0
Shields        | |  1.0

Action                   |  1- 3 |  4- 6 || total
-------------------------+-------+-------++-------
Melee: Short sword       |    64 |    86 ||   150
       Dagger            |    47 |     4 ||    51
       Tailslap          |     4 |     8 ||    12
 Abil: Rolling Charge    |    10 |    15 ||    25
Armor: Robe              |    16 |       ||    16
       Leather armour    |    17 |       ||    17
       Scale mail        |     7 |    48 ||    55
Dodge: Dodged            |    63 |    60 ||   123

Table legend: (Time is in decaauts)
 A = Elapsed time spent in this place.
 B = Non-inter-level travel time spent in this place.
 C = Inter-level travel time spent in this place.
 D = Time resting spent in this place.
 E = Time spent auto-exploring this place.
 F = Levels seen in this place.
 G = Mean time per level.
                   A        B        C        D        E       F      G
               +--------+--------+--------+--------+--------+-----+--------+
         Total |   3043 |   2989 |     54 |   1036 |   1448 |   4 |  760.8 |
       Dungeon |   3043 |   2989 |     54 |   1036 |   1448 |   4 |  760.8 |
               +--------+--------+--------+--------+--------+-----+--------+

Top non-repeatable levels by time:
     D:2: 1435 daAuts
     D:1: 1247 daAuts
     D:3: 355 daAuts
     D:4: 6 daAuts
